AoeStats
← 散步黑鵝

Arena

509081821Analyzed
4v4 RM · 7d ago on Sep 25, 2026· 25m 24s· 8 players
Game mode
Random Map
Map size
Large (8 player)
Population
200
Speed
Normal
Resources
Standard
Victory
Conquest
Starting age
Dark Age
Ending age
Imperial Age
RankedLock teamsTeams togetherTeam positionsShared explorationLock speedFull tech treeHidden civsTurbo modeCheats
Victory
Defeat
🇹🇼 Cumans · Taiwan
2083
+3
🇹🇼 Italians · Taiwan
2043
+3
🇹🇼 Wei · Taiwan
1889
+6
🇹🇼 Mongols · Taiwan
1644
+14
🇬🇧 Byzantines · United Kingdom
1766
-10
🇻🇳 Teutons · Vietnam
1724
-9
🇨🇳 Celts · China
1562
-4
🇹🇷 Italians · Türkiye
1511
-3
DL-ĐệNhị
6:14 Loom
8:34 Feudal Age
20:47 Double-Bit Axe
21:18 Fletching
24:25 Town Watch
swipp
10:23 Feudal Age
11:32 Double-Bit Axe
11:47 Horse Collar
14:58 Castle Age
14:11 Gold Mining
16:12 Wheelbarrow
21:07 Imperial Age
19:15 Bow Saw
19:28 Fletching
20:15 Padded Archer Armor
20:48 Bodkin Arrow
22:24 Bracer
24:03 Leather Archer Armor
Boar
10:23 Feudal Age
11:42 Double-Bit Axe
14:51 Castle Age
13:12 Horse Collar
15:49 Bow Saw
18:48 Heavy Plow
20:37 Wheelbarrow
21:49 Loom
23:20 Gold Mining
Torpedo
11:29 Feudal Age
15:44 Castle Age
13:32 Double-Bit Axe
13:51 Scale Mail Armor
14:00 Horse Collar
15:40 Gold Mining
16:29 Squires
16:43 Bow Saw
17:56 Heavy Plow
19:43 Squires
19:32 Loom
21:13 Pikeman
護鵝協會
8:18 Loom
11:08 Feudal Age
14:02 Double-Bit Axe
14:05 Horse Collar
22:24 Castle Age
21:08 Fletching
24:41 Bow Saw
白龍
8:27 Feudal Age
8:58 Double-Bit Axe
9:49 Horse Collar
14:02 Wheelbarrow
15:48 Town Watch
15:57 Gold Mining
19:46 Castle Age
18:04 Scale Barding Armor
18:13 Scale Barding Armor
19:10 Bloodlines
19:33 Forging
22:26 Gold Shaft Mining
21:52 Heavy Plow
22:03 Bow Saw
21:56 Stone Mining
22:52 Light Cavalry
26:13 Chain Barding Armor
小白
8:23 Feudal Age
8:53 Double-Bit Axe
8:49 Horse Collar
12:05 Loom
12:58 Wheelbarrow
16:08 Castle Age
14:36 Gold Mining
20:24 Imperial Age
19:04 Bow Saw
20:32 Gold Shaft Mining
20:34 Heavy Plow
21:54 Hand Cart
散步黑鵝
10:46 Feudal Age
15:25 Castle Age
13:19 Double-Bit Axe
13:14 Horse Collar
16:40 Bow Saw
19:42 Loom
19:51 Fletching
22:24 Bodkin Arrow
23:34 Bodkin Arrow
24:12 Ballistics
Connection lost

Rejoining the realm…

Still unreachable

The connection could not be restored.

Session expired

The server has moved on; the page needs a fresh start.